 Dungeon Crawl Stone Soup version 0.28.0-47-ge53b351184 (webtiles) character file.

Game seed: 16755325675804717648

53 Exodus22XD the Chopper (level 3, -2/34 HPs)
             Began as a Hill Orc Monk on May 7, 2022.
             Slain by a gnoll
             ... wielding a +0 spear
              (9 damage)
             ... on level 2 of the Dungeon.
             The game lasted 00:01:23 (1655 turns).

Exodus22XD the Chopper (Hill Orc Monk)              Turns: 1655, Time: 00:01:24

Health: -2/34      AC:  2    Str: 15    XL:     3   Next: 89%
Magic:  3/3        EV: 12    Int: 10    God:
Gold:   51         SH:  0    Dex: 13    Spells: 2/2 levels left

rFire   . . .      SeeInvis .   i - +0 war axe
rCold   . . .      Faith    .   (no shield)
rNeg    . . .      Spirit   .   b - +0 robe
rPois   .          Reflect  .   (no helmet)
rElec   .          Harm     .   (no cloak)
rCorr   .          Rampage  .   (no gloves)
Will    .....                   (no boots)
Stlth   ++........              (no amulet)
HPRegen 0.11/turn               (no ring)
MPRegen 0.08/turn               (no ring)

@: no status effects
A: no striking features
a: no special abilities


You were on level 2 of the Dungeon.
You visited 1 branch of the dungeon, and saw 2 of its levels.

You collected 51 gold pieces.

Inventory:

Hand Weapons
 i - a +0 war axe (weapon)
Armour
 b - a +0 robe (worn)
Scrolls
 d - a scroll of identify {unknown}
 e - a scroll of noise {unknown}
 f - a scroll of fear {unknown}
 h - a scroll of amnesia {unknown}
Potions
 c - 2 potions of curing {unknown}
 g - a potion of heal wounds {unknown}


   Skills:
 + Level 4.4 Fighting
 + Level 5.1 Axes
 * Level 1.5 Armour
 - Level 2.4 Dodging
 - Level 1.5 Stealth


You had 2 spell levels left.
You didn't know any spells.
Your spell library was empty.

Dungeon Overview and Level Annotations

Branches:
Dungeon (2/15)

Altars:


Message History

* * * LOW HITPOINT WARNING * * *
The gnoll completely misses you.
The gnoll throws a stone.
The stone barely misses you.
There is a stone staircase leading up here.
You climb upwards.
There is a stone staircase leading down here.
You slash the gnoll!
You kill the gnoll!
Your Axes skill increases to level 5!
Things that are here:
a +0 flail; a gnoll corpse You start resting.
HP restored.
There is a stone staircase leading down here.
You climb downwards.
The gnoll throws a stone.
The stone hits you.
There is a stone staircase leading up here.
You slash the rat!
You kill the rat!
The gnoll closely misses you. The gnoll barely misses you.
You see here a rat corpse.
You slash the gnoll!
The gnoll is heavily wounded.
The gnoll barely misses you.
You completely miss the gnoll.
The gnoll is heavily wounded.
The gnoll hits you with a +0 spear. The gnoll hits you with a +0 spear!
You barely miss the gnoll.
The gnoll is heavily wounded.
The gnoll hits you with a +0 spear.
You are too injured to fight recklessly!
You are too injured to fight recklessly!
You hit the gnoll.
The gnoll is almost dead.
The gnoll hits you with a +0 spear!
* * * LOW HITPOINT WARNING * * *
You barely miss the gnoll.
The gnoll is almost dead.
The gnoll hits you with a +0 spear!
You die...

.......##..# #g..Jrg.K.>#
#J################### #r#
#..r.g...# #.# #.######.# #r#
#.#....#.# #.### #g#.##.#.#
..J.# #.#.#<.#r# #.#.#
#r#.#@.#.# ..#r# #.#.#.g#g#
....# #J#.#..#g# ....#
#.#.#..#.########
.รท..########.#.###.........#
......Jr.g...#...'.........#
....##############.........#
...## #(.(......# ...#
#....>....#


You could see a gnoll.

Vanquished Creatures
  A gnoll (D:1)
  An adder (D:2)
  3 dart slugs (D:1)
  A ball python (D:1)
  A bat (D:1)
  An endoplasm (D:1)
  A goblin (D:1)
  2 hobgoblins (D:1)
  2 jackals (D:2)
  6 kobolds
  A quokka (D:2)
  3 frilled lizards
  7 rats
30 creatures vanquished.

Notes
Turn   | Place    | Note
-------+----------+-------------------------------------------
     0 | D:1      | Exodus22XD the Hill Orc Monk began the quest for the Orb.
     0 | D:1      | Reached XP level 1. HP: 19/19 MP: 1/1
   122 | D:1      | Reached XP level 2. HP: 23/27 MP: 2/2
   225 | D:1      | Reached skill level 1 in Armour
   696 | D:1      | Reached XP level 3. HP: 27/33 MP: 3/3
  1413 | D:1      | Reached skill level 5 in Axes
  1655 | D:2      | Slain by a gnoll

Illustrated notes

Levels and vault maps discovered:
D:1:      heliophobic_arrival_enchanted_forest, layout_rooms, st_stairs_9,
          minmay_crystal_room, lemuel_another_geyser
D:2:      layout_basic, basic_altar

Skill      XL: |  1  2  3 |
---------------+----------+-----
Fighting       | 4 |  4.4
Armour         | 1 |  1.5
Axes           | 5 |  5.1
Dodging        | |  2.4
Stealth        | |  1.5

Action                   || total
-------------------------++-------
Melee: Hand axe          ||    66
       War axe           ||    12
 Stab: Sleeping          ||     1
Armor: Robe              ||    17
Dodge: Dodged            ||    65
